 Dungeon Crawl Stone Soup version 0.17.1-2-g5865329 (webtiles) character file.

108 xeno23 the Charmwright (level 4, 0/29 HPs)
             Began as a High Elf Skald on Jan 29, 2016.
             Slain by a gnoll
             ... wielding a +0 spear
              (6 damage)
             ... on level 2 of the Dungeon.
             The game lasted 00:07:44 (2150 turns).

xeno23 the Charmwright (High Elf Skald)             Turns: 2150, Time: 00:07:44

Health: 0/29       AC:  6    Str: 12    XL:     4   Next: 58%
Magic:  9/9        EV: 11    Int: 15    God:
Gold:   98         SH:  0    Dex: 15    Spells: 3 memorised, 3 levels left

rFire  . . .     SeeInvis .     a - +0 falchion
rCold  . . .     Clarity  .     h - +0 ring mail (curse)
rNeg   . . .     SustAt   .     (no shield)
rPois  .         Gourm    .     (no helmet)
rElec  .         Spirit   .     n - +0 cloak
rCorr  .         Warding  .     (no gloves)
rMut   .         Stasis   .     (no boots)
MR     .....                    (no amulet)
Stlth  +.........               (no ring)
                                (no ring)

@: not resistant to hostile enchantments, very unstealthy
A: no striking features
a: no special abilities


You were on level 2 of the Dungeon.
You were not hungry.

You visited 1 branch of the dungeon, and saw 2 of its levels.

You collected 98 gold pieces.

Inventory:

Hand Weapons
 a - a +0 falchion (weapon)
 b - a +0 hunting sling
Missiles
 i - 4 sling bullets
 u - 11 exploding sling bullets
Armour
 h - a cursed +0 ring mail (worn)
 n - a +0 cloak (worn)
Scrolls
 l - a scroll of noise
 o - a scroll of random uselessness {unknown}
 s - a scroll of recharging {unknown}
 v - a scroll of fog {unknown}
Potions
 g - 2 potions of might {unknown}
 k - 2 potions of agility {unknown}
 m - a potion of flight {unknown}
 p - a potion of curing {unknown}
 q - a potion of mutation {unknown}
 t - a potion of haste {unknown}
Books
 c - a book of Battle

   Spells                             Type                      Level
   a - Infusion                       Charms                       1
   b - Shroud of Golubria             Charms/Translocation         2
   c - Song of Slaying                Charms                       2
   d - Spectral Weapon                Hexes/Charms                 3
   e - Regeneration                   Charms/Necromancy            3
Comestibles
 d - a bread ration
 f - a slice of pizza
 r - a chunk of flesh


   Skills:
 + Level 2.2 Fighting
 * Level 3.5 Long Blades
 + Level 1.5 Armour
 + Level 2.0 Dodging
 - Level 3.0 Spellcasting
 * Level 1.6 Hexes
 + Level 4.0 Charms


You had 3 spell levels left.
You knew the following spells:

 Your Spells              Type           Power        Failure   Level  Hunger
a - Infusion              Chrm           ##....       12%         1    #......
d - Shroud of Golubria    Chrm/Tloc      #.........   34%         2    ##.....
s - Spectral Weapon       Hex/Chrm       ##......     41%         3    ###....


Dungeon Overview and Level Annotations

Branches:
Dungeon (2/15)

Altars:
Ashenzari
Trog


Message History

The gnoll hits you but does no damage.
You open the door.
A moth of wrath comes into view.
The moth of wrath's fur bristles in rage as it notices you.
The gnoll hits you but does no damage.
There is an open door here. 2 rats and 2 worms come into view.
Found a greatsling and a dagger.
Found a bloodstained altar of Trog.
You close the door.
A gnoll opens the door.
Read which item? (? for menu, Esc to quit)
As you read the scroll labeled GYPLUU LYWOHOD, it crumbles to dust.
You feel aware of your surroundings.
It was a scroll of magic mapping.
The gnoll closely misses you.
Read which item? (? for menu, Esc to quit)
As you read the scroll labeled EDOIR OFIDIB, it crumbles to dust.
It is a scroll of identify.
Identify which item? (\ to view known items) (? for menu, Esc to quit)
l - a scroll of noise The gnoll hits you from afar with a spear.
You die...

..........##.(........####...#
##........##.>.......## ##.##
##.................## ###
###......#######....#
........###....###.[#
..†....##.......###.#
.####.##,).......##.# ##
#.#*,..w#....##.#
#.#,,.r###..@##.#
#.#,,_w#y#...'g.#
###,,..###...#### **,...#....#
*,)..r....# **.......##
*##....#* #####*


You could see a moth of wrath, 2 worms, a gnoll and 2 rats.

Vanquished Creatures
  2 gnolls (D:2)
  3 adders (D:2)
  An ooze (D:1)
  5 worms (D:2)
  A ball python (D:2)
  8 bats
  8 goblins
  2 hobgoblins
  4 jackals (D:1)
  4 kobolds
  2 giant newts
  7 rats
47 creatures vanquished.

Notes
Turn   | Place    | Note
--------------------------------------------------------------
     0 | D:1      | xeno23 the High Elf Skald began the quest for the Orb.
     0 | D:1      | Reached XP level 1. HP: 14/14 MP: 4/4
   272 | D:1      | Reached XP level 2. HP: 13/19 MP: 6/6
   644 | D:1      | Reached XP level 3. HP: 24/24 MP: 8/8
  1201 | D:1      | Learned a level 2 spell: Shroud of Golubria
  1205 | D:1      | Learned a level 3 spell: Spectral Weapon
  1212 | D:2      | Reached skill level 1 in Armour
  1262 | D:2      | Found a shattered altar of Ashenzari.
  1561 | D:2      | Reached skill level 1 in Hexes
  1561 | D:2      | Reached XP level 4. HP: 19/29 MP: 5/9
  1856 | D:2      | Reached skill level 4 in Charms
  2145 | D:2      | Noticed a moth of wrath
  2147 | D:2      | Found a bloodstained altar of Trog.
  2150 | D:2      | Slain by a gnoll

Action                   |  1- 3 |  4- 6 || total
-------------------------+-------+-------++-------
Melee: Falchion          |   115 |    31 ||   146
 Fire: Hunting sling     |       |    16 ||    16
 Cast: Infusion          |     7 |     2 ||     9
  Use: Scroll            |       |     2 ||     2
  Eat: Chunk             |     2 |     2 ||     4
